[ AOE2 MATCH · #462343175 ]
UnrankedPersians vs Britons
[ REPLAY ANALYSIS · EXTRACTED FROM THE RECORDED GAME ]
Feudal
10:54
Castle
16:11
Imperial
36:09
| APM avg | 33.1 |
| APM peak | 73 |
| eAPM avg | 13.6 |
| Villagers / military | 133 / 306 |
Focus
⚔️ 33.5% · 🌾 66.5%
Camel Scout ×184 · Knight ×122 · Trade Cart ×10
Feudal
10:43
Castle
14:24
Imperial
33:55
| APM avg | 32.2 |
| APM peak | 74 |
| eAPM avg | 21.5 |
| Villagers / military | 140 / 763 |
Focus
⚔️ 34.2% · 🌾 65.8%
Skirmisher ×217 · Longbowman ×210 · Scout Cavalry ×170 · Spearman ×120 · Trade Cart ×38 · Scorpion ×23
Feudal
10:06
Castle
14:06
Imperial
40:26
| APM avg | 40.9 |
| APM peak | 85 |
| eAPM avg | 24.2 |
| Villagers / military | 146 / 251 |
Focus
⚔️ 32.8% · 🌾 67.2%
Organ Gun ×202 · Bombard Cannon ×32 · Mangonel ×15 · Monk ×1 · Trebuchet (Packed) ×1
Feudal
11:22
Castle
15:06
Imperial
30:09
| APM avg | 18.0 |
| APM peak | 39 |
| eAPM avg | 14.0 |
| Villagers / military | 145 / 802 |
Focus
⚔️ 49.5% · 🌾 50.5%
Skirmisher ×279 · Militia ×238 · Elephant Archer ×148 · Spearman ×117 · Trade Cart ×44 · Trebuchet (Packed) ×14
Feudal
11:05
Castle
15:50
Imperial
31:37
| APM avg | 29.2 |
| APM peak | 59 |
| eAPM avg | 17.6 |
| Villagers / military | 150 / 547 |
Focus
⚔️ 35.6% · 🌾 64.4%
Knight ×296 · Spearman ×185 · Trade Cart ×66 · Militia ×25 · Scout Cavalry ×20 · Bombard Cannon ×17
Feudal
9:20
Castle
21:33
Imperial
31:34
| APM avg | 33.6 |
| APM peak | 84 |
| eAPM avg | 24.1 |
| Villagers / military | 299 / 367 |
Focus
⚔️ 33.5% · 🌾 66.5%
Spearman ×216 · Skirmisher ×58 · Fire Lancer ×27 · Bombard Cannon ×22 · Iron Pagoda ×20 · Trebuchet (Packed) ×9
Match map
Initial resources + every placement click. Lines = walls · curves = elevation contours. ◆ gold · ⬟ stone · ● berries · ✦ relic · ◌ wall gap
Your base· ✓ Closed at 16:11 · 0t walls · 2 gate(s)
asdF's base· ✓ Closed at 14:24 · 0t walls · 3 gate(s)
鼠條's base· ✓ Closed at 14:06 · 4t walls · 3 gate(s)
Relief's base· ✓ Closed at 15:06 · 0t walls · 3 gate(s)
HURMA's base· ✓ Closed at 15:50 · 0t walls · 2 gate(s)
Quando's base· ✓ Closed at 21:33 · 0t walls · 3 gate(s)
Smoothed initial terrain · ◌ = detected wall gap · hover for details
Inputs per minute
— Fr4ggi - - asdF
Build order — Fr4ggi
First 150 of 429 actions detected
| 0:02 | Queue | Villager (Male) |
| 0:04 | Build | House |
| 0:07 | Build | House |
| 0:18 | Queue | Villager (Male) |
| 0:35 | Queue | Villager (Male) |
| 1:10 | Queue | Villager (Male) |
| 1:10 | Queue | Villager (Male) |
| 1:45 | Build | Lumber Camp |
| 1:48 | Queue | Villager (Male) |
| 2:05 | Queue | Villager (Male) |
| 2:44 | Queue | Villager (Male) |
| 3:22 | Queue | Villager (Male) |
| 3:23 | Queue | Villager (Male) |
| 4:00 | Queue | Villager (Male) |
| 4:00 | Queue | Villager (Male) |
| 4:05 | Build | House |
| 4:20 | Build | Mill |
| 4:29 | Queue | Villager (Male) |
| 4:29 | Queue | Villager (Male) |
| 4:55 | Queue | Villager (Male) |
| 5:14 | Queue | Villager (Male) |
| 5:36 | Queue | Villager (Male) |
| 6:05 | Queue | Villager (Male) |
| 6:15 | Build | House |
| 6:49 | Queue | Villager (Male) |
| 7:09 | Build | Farm |
| 7:12 | Queue | Villager (Male) |
| 7:26 | Queue | Villager (Male) |
| 7:34 | Build | Farm |
| 8:02 | Queue | Villager (Male) |
| 8:07 | Build | Farm |
| 8:12 | Queue | Villager (Male) |
| 8:14 | Research | Feudal Age |
| 8:43 | Build | Mining Camp |
| 9:26 | Build | Barracks |
| 9:28 | Build | House |
| 10:54 | Age | Feudal Age |
| 10:55 | Queue | Villager (Male) |
| 11:13 | Build | Stable |
| 11:23 | Queue | Villager (Male) |
| 11:39 | Queue | Villager (Male) |
| 12:24 | Build | Farm |
| 12:44 | Build | Blacksmith |
| 12:49 | Build | House |
| 12:51 | Queue | Villager (Male) |
| 12:51 | Queue | Villager (Male) |
| 13:40 | Build | Lumber Camp |
| 13:41 | Queue | Villager (Male) |
| 13:44 | Research | Castle Age |
| 13:50 | Build | House |
| 13:59 | Queue | Villager (Male) |
| 14:50 | Build | Farm |
| 14:50 | Build | Farm |
| 14:50 | Build | Farm |
| 14:56 | Research | Double-Bit Axe |
| 15:01 | Build | House |
| 15:07 | Research | Wheelbarrow |
| 15:08 | Queue | Villager (Male) |
| 15:10 | Research | Bloodlines |
| 15:24 | Build | Farm |
| 15:28 | Research | Horse Collar |
| 15:41 | Research | Padded Archer Armor |
| 15:45 | Research | Scale Barding Armor |
| 16:11 | Age | Castle Age |
| 16:20 | Build | Town Center |
| 17:15 | Queue | Villager (Male) |
| 17:19 | Research | Bow Saw |
| 17:26 | Queue | Knight |
| 17:30 | Research | Forging |
| 17:42 | Queue | Villager (Male) |
| 17:54 | Build | Farm |
| 17:58 | Build | Farm |
| 18:01 | Queue | Knight |
| 18:07 | Build | Farm |
| 18:11 | Queue | Villager (Male) |
| 18:28 | Queue | Villager (Male) |
| 18:50 | Queue | Villager (Male) |
| 18:55 | Build | Farm |
| 18:59 | Queue | Villager (Male) |
| 19:25 | Queue | Villager (Male) |
| 19:25 | Queue | Villager (Male) |
| 19:28 | Queue | Villager (Male) |
| 19:31 | Build | Farm |
| 19:42 | Build | Town Center |
| 19:51 | Build | Farm |
| 19:59 | Research | Stone Mining |
| 20:02 | Research | Gold Mining |
| 20:22 | Build | Farm |
| 20:23 | Queue | Villager (Male) |
| 20:24 | Queue | Villager (Male) |
| 20:55 | Build | House |
| 20:56 | Build | House |
| 20:58 | Queue | Villager (Male) |
| 21:00 | Queue | Villager (Male) |
| 21:00 | Queue | Villager (Male) |
| 21:08 | Build | Farm |
| 21:10 | Build | Farm |
| 21:11 | Build | Farm |
| 21:15 | Research | Heavy Plow |
| 21:20 | Build | Farm |
| 21:24 | Queue | Villager (Male) |
| 21:26 | Queue | Villager (Male) |
| 21:30 | Queue | Knight |
| 21:40 | Build | Stable |
| 21:46 | Queue | Villager (Male) |
| 22:04 | Build | Farm |
| 22:07 | Build | Mining Camp |
| 22:09 | Queue | Villager (Male) |
| 22:09 | Queue | Villager (Male) |
| 22:46 | Build | House |
| 23:01 | Research | Hand Cart |
| 23:01 | Queue | Villager (Male) |
| 23:01 | Queue | Villager (Male) |
| 23:02 | Queue | Villager (Male) |
| 23:03 | Queue | Villager (Male) |
| 23:04 | Queue | Villager (Male) |
| 23:04 | Queue | Villager (Male) |
| 23:38 | Build | Farm |
| 23:39 | Queue | Villager (Male) |
| 23:39 | Queue | Villager (Male) |
| 23:44 | Queue | Knight |
| 23:44 | Queue | Knight |
| 23:55 | Build | House |
| 23:59 | Build | Stable |
| 24:02 | Queue | Villager (Male) |
| 24:02 | Queue | Villager (Male) |
| 24:08 | Build | Mining Camp |
| 24:13 | Research | Stone Mining |
| 24:14 | Queue | Villager (Male) |
| 24:15 | Queue | Villager (Male) |
| 24:23 | Build | Farm |
| 24:29 | Build | Farm |
| 24:31 | Build | Farm |
| 24:34 | Build | Farm |
| 24:38 | Build | Farm |
| 24:39 | Queue | Villager (Male) |
| 24:39 | Queue | Villager (Male) |
| 24:44 | Build | Farm |
| 24:48 | Build | Farm |
| 24:57 | Queue | Camel Scout |
| 24:57 | Queue | Camel Scout |
| 25:17 | Build | Farm |
| 25:20 | Build | Farm |
| 25:22 | Queue | Villager (Male) |
| 25:26 | Research | Husbandry |
| 25:28 | Queue | Knight |
| 25:28 | Queue | Knight |
| 25:30 | Queue | Knight |
| 25:31 | Queue | Knight |
| 25:44 | Build | Farm |
Build order — asdF
First 150 of 710 actions detected
| 0:03 | Build | House |
| 0:05 | Build | House |
| 0:05 | Queue | Villager (Male) |
| 0:20 | Queue | Villager (Male) |
| 0:47 | Queue | Villager (Male) |
| 1:16 | Queue | Villager (Male) |
| 1:16 | Queue | Villager (Male) |
| 1:36 | Queue | Villager (Male) |
| 1:49 | Build | Lumber Camp |
| 1:53 | Queue | Villager (Male) |
| 2:15 | Queue | Villager (Male) |
| 2:50 | Queue | Villager (Male) |
| 3:06 | Build | House |
| 3:07 | Build | House |
| 3:12 | Queue | Villager (Male) |
| 3:44 | Queue | Villager (Male) |
| 4:10 | Queue | Villager (Male) |
| 4:30 | Queue | Villager (Male) |
| 4:46 | Build | Mill |
| 5:00 | Queue | Villager (Male) |
| 5:37 | Queue | Villager (Male) |
| 5:47 | Queue | Villager (Male) |
| 5:48 | Queue | Villager (Male) |
| 5:48 | Queue | Villager (Male) |
| 6:37 | Queue | Villager (Male) |
| 6:55 | Build | Mill |
| 7:34 | Queue | Villager (Male) |
| 8:02 | Queue | Villager (Male) |
| 8:33 | Research | Feudal Age |
| 8:39 | Build | Mining Camp |
| 9:10 | Build | House |
| 9:13 | Queue | Villager (Male) |
| 9:13 | Queue | Villager (Male) |
| 10:43 | Age | Feudal Age |
| 10:46 | Build | Blacksmith |
| 10:55 | Build | Market |
| 11:18 | Research | Double-Bit Axe |
| 11:44 | Research | Castle Age |
| 11:53 | Build | House |
| 12:04 | Research | Horse Collar |
| 12:36 | Build | Lumber Camp |
| 13:08 | Build | Mining Camp |
| 13:11 | Queue | Villager (Male) |
| 13:11 | Queue | Villager (Male) |
| 14:24 | Age | Castle Age |
| 14:29 | Build | Town Center |
| 14:36 | Build | Town Center |
| 14:43 | Research | Bow Saw |
| 14:46 | Research | Heavy Plow |
| 14:52 | Build | Farm |
| 15:05 | Build | Farm |
| 15:17 | Queue | Villager (Male) |
| 15:32 | Build | Farm |
| 15:35 | Build | Farm |
| 15:39 | Build | Farm |
| 15:48 | Build | Farm |
| 15:52 | Build | Farm |
| 15:59 | Build | Farm |
| 16:02 | Build | Farm |
| 16:05 | Build | Farm |
| 16:12 | Build | Farm |
| 16:22 | Build | Farm |
| 16:25 | Build | Farm |
| 16:27 | Queue | Villager (Male) |
| 16:28 | Queue | Villager (Male) |
| 16:31 | Build | Farm |
| 16:38 | Research | Loom |
| 16:57 | Queue | Villager (Male) |
| 16:57 | Queue | Villager (Male) |
| 16:58 | Queue | Villager (Male) |
| 17:01 | Build | Farm |
| 17:05 | Build | Farm |
| 17:11 | Build | Farm |
| 17:15 | Build | Farm |
| 17:16 | Queue | Villager (Male) |
| 17:17 | Queue | Villager (Male) |
| 17:20 | Build | Farm |
| 17:24 | Build | Farm |
| 17:26 | Queue | Villager (Male) |
| 17:26 | Queue | Villager (Male) |
| 17:30 | Queue | Villager (Male) |
| 17:46 | Queue | Villager (Male) |
| 18:04 | Build | Farm |
| 18:04 | Queue | Villager (Male) |
| 18:04 | Queue | Villager (Male) |
| 18:07 | Queue | Villager (Male) |
| 18:08 | Queue | Villager (Male) |
| 18:15 | Build | Farm |
| 18:21 | Build | Farm |
| 18:24 | Build | Farm |
| 18:26 | Queue | Villager (Male) |
| 18:29 | Build | Farm |
| 18:34 | Queue | Villager (Male) |
| 18:34 | Queue | Villager (Male) |
| 18:37 | Build | Farm |
| 18:39 | Queue | Villager (Male) |
| 18:39 | Queue | Villager (Male) |
| 18:41 | Build | Farm |
| 18:47 | Build | Farm |
| 18:49 | Build | Farm |
| 18:50 | Build | Farm |
| 18:53 | Queue | Villager (Male) |
| 18:54 | Queue | Villager (Male) |
| 19:02 | Build | House |
| 19:03 | Build | House |
| 19:04 | Build | House |
| 19:06 | Build | House |
| 19:09 | Queue | Villager (Male) |
| 19:09 | Queue | Villager (Male) |
| 19:09 | Queue | Villager (Male) |
| 19:24 | Queue | Villager (Male) |
| 19:24 | Queue | Villager (Male) |
| 19:25 | Queue | Villager (Male) |
| 19:31 | Build | House |
| 19:32 | Build | House |
| 19:33 | Build | House |
| 19:34 | Queue | Villager (Male) |
| 19:41 | Research | Wheelbarrow |
| 19:46 | Queue | Villager (Male) |
| 19:52 | Queue | Villager (Male) |
| 19:59 | Build | Farm |
| 20:02 | Build | Farm |
| 20:04 | Build | Farm |
| 20:05 | Queue | Villager (Male) |
| 20:06 | Queue | Villager (Male) |
| 20:17 | Queue | Villager (Male) |
| 20:18 | Queue | Villager (Male) |
| 20:21 | Queue | Villager (Male) |
| 20:23 | Queue | Villager (Male) |
| 20:31 | Queue | Villager (Male) |
| 20:37 | Build | Farm |
| 20:41 | Build | Farm |
| 20:42 | Queue | Villager (Male) |
| 20:51 | Queue | Villager (Male) |
| 20:58 | Queue | Villager (Male) |
| 21:07 | Queue | Villager (Male) |
| 21:09 | Build | Farm |
| 21:15 | Queue | Villager (Male) |
| 21:16 | Queue | Villager (Male) |
| 21:22 | Build | Farm |
| 21:29 | Build | Farm |
| 21:30 | Queue | Villager (Male) |
| 21:32 | Build | Farm |
| 21:34 | Queue | Villager (Male) |
| 21:34 | Queue | Villager (Male) |
| 21:40 | Queue | Villager (Male) |
| 21:40 | Queue | Villager (Male) |
| 21:42 | Queue | Villager (Male) |
| 21:44 | Queue | Villager (Male) |
| 21:48 | Build | Farm |
Build order — 鼠條
First 150 of 518 actions detected
| 0:01 | Queue | Villager (Male) ×4 |
| 0:02 | Build | House |
| 0:03 | Build | House |
| 1:31 | Queue | Villager (Male) |
| 1:55 | Queue | Villager (Male) |
| 2:11 | Build | Lumber Camp |
| 2:23 | Queue | Villager (Male) |
| 2:24 | Queue | Villager (Male) |
| 2:54 | Queue | Villager (Male) |
| 2:54 | Queue | Villager (Male) |
| 2:54 | Queue | Villager (Male) |
| 3:37 | Queue | Villager (Male) |
| 3:37 | Queue | Villager (Male) |
| 3:48 | Queue | Villager (Male) |
| 3:50 | Build | House |
| 4:22 | Build | Mill |
| 5:00 | Queue | Villager (Male) |
| 5:00 | Queue | Villager (Male) |
| 5:15 | Queue | Villager (Male) |
| 5:28 | Build | House |
| 5:43 | Queue | Villager (Male) |
| 6:04 | Build | Mill |
| 6:11 | Queue | Villager (Male) |
| 6:19 | Queue | Villager (Male) |
| 6:33 | Queue | Villager (Male) |
| 6:42 | Queue | Villager (Male) |
| 7:36 | Build | Mining Camp |
| 7:42 | Research | Feudal Age |
| 7:43 | Research | Feudal Age |
| 8:06 | Queue | Villager (Male) |
| 9:20 | Queue | Villager (Male) |
| 10:06 | Age | Feudal Age |
| 10:08 | Build | Blacksmith |
| 10:09 | Build | Market |
| 10:14 | Queue | Villager (Male) |
| 10:20 | Build | Stone Wall |
| 10:30 | Research | Loom |
| 10:50 | Queue | Villager (Male) |
| 11:03 | Build | Watch Tower |
| 11:26 | Research | Castle Age |
| 12:24 | Queue | Villager (Male) |
| 12:34 | Build | House |
| 12:34 | Build | House |
| 13:37 | Build | House |
| 13:39 | Build | House |
| 14:06 | Age | Castle Age |
| 14:07 | Build | Siege Workshop |
| 14:14 | Build | Mining Camp |
| 14:18 | Queue | Villager (Male) |
| 14:22 | Research | Wheelbarrow |
| 14:34 | Queue | Villager (Male) |
| 14:37 | Queue | Mangonel |
| 14:38 | Queue | Mangonel |
| 14:54 | Build | House |
| 15:15 | Queue | Villager (Male) |
| 15:49 | Queue | Villager (Male) |
| 16:14 | Queue | Villager (Male) |
| 16:23 | Research | Fletching |
| 16:24 | Queue | Villager (Male) |
| 16:50 | Build | Farm |
| 17:26 | Build | Farm |
| 17:48 | Queue | Villager (Male) |
| 17:51 | Queue | Villager (Male) |
| 17:59 | Queue | Villager (Male) |
| 18:22 | Build | Farm |
| 19:20 | Queue | Villager (Male) |
| 19:20 | Queue | Villager (Male) |
| 19:25 | Queue | Mangonel |
| 19:55 | Build | Farm |
| 19:56 | Queue | Villager (Male) |
| 19:56 | Queue | Villager (Male) |
| 20:27 | Build | Farm |
| 20:43 | Queue | Villager (Male) |
| 20:43 | Queue | Villager (Male) |
| 20:59 | Build | House |
| 21:13 | Build | Farm |
| 21:22 | Queue | Villager (Male) |
| 21:22 | Queue | Villager (Male) |
| 21:27 | Build | Town Center |
| 21:38 | Build | Farm |
| 21:56 | Queue | Villager (Male) |
| 22:15 | Queue | Villager (Male) |
| 22:25 | Queue | Villager (Male) |
| 22:33 | Queue | Mangonel |
| 22:33 | Queue | Mangonel |
| 22:48 | Queue | Villager (Male) |
| 22:56 | Build | Farm |
| 23:08 | Queue | Villager (Male) |
| 23:08 | Queue | Villager (Male) |
| 23:24 | Queue | Villager (Male) |
| 23:48 | Queue | Villager (Male) |
| 23:59 | Queue | Villager (Male) |
| 24:00 | Queue | Mangonel |
| 24:00 | Queue | Mangonel |
| 24:00 | Queue | Mangonel |
| 24:21 | Queue | Villager (Male) |
| 24:22 | Queue | Villager (Male) |
| 24:25 | Queue | Mangonel |
| 24:49 | Build | Castle |
| 25:00 | Queue | Villager (Male) |
| 25:05 | Build | Farm |
| 25:10 | Build | Castle |
| 25:13 | Queue | Villager (Male) |
| 25:26 | Build | Farm |
| 25:26 | Build | Farm |
| 25:27 | Build | Farm |
| 25:27 | Build | Farm |
| 25:31 | Build | Farm |
| 25:32 | Build | Farm |
| 25:33 | Build | Farm |
| 25:34 | Build | Farm |
| 25:35 | Queue | Villager (Male) |
| 25:36 | Queue | Villager (Male) |
| 25:42 | Build | Farm |
| 25:45 | Queue | Villager (Male) |
| 26:04 | Build | Farm |
| 26:07 | Build | Lumber Camp |
| 26:12 | Build | Farm |
| 26:14 | Queue | Villager (Male) |
| 26:24 | Build | House |
| 26:26 | Build | House |
| 26:27 | Queue | Villager (Male) |
| 26:40 | Queue | Villager (Male) |
| 26:47 | Queue | Villager (Male) |
| 26:47 | Queue | Villager (Male) |
| 26:50 | Build | Farm |
| 27:00 | Build | House |
| 27:11 | Queue | Villager (Male) |
| 27:22 | Queue | Villager (Male) |
| 27:22 | Queue | Villager (Male) |
| 27:27 | Build | Lumber Camp |
| 27:28 | Queue | Villager (Male) |
| 27:39 | Queue | Villager (Male) |
| 28:00 | Queue | Villager (Male) |
| 28:03 | Build | Gate |
| 28:11 | Queue | Villager (Male) |
| 28:19 | Queue | Villager (Male) |
| 28:25 | Build | Farm |
| 28:27 | Build | Farm |
| 28:38 | Queue | Mangonel |
| 28:38 | Queue | Mangonel |
| 28:47 | Build | House |
| 28:49 | Build | House |
| 28:50 | Build | House |
| 28:51 | Queue | Villager (Male) |
| 28:58 | Build | Farm |
| 29:00 | Queue | Villager (Male) |
| 29:15 | Queue | Villager (Male) |
| 29:25 | Build | Gate |
| 29:28 | Build | House |
Build order — Relief
First 150 of 642 actions detected
| 0:00 | Queue | Villager (Male) |
| 0:01 | Queue | Villager (Male) |
| 0:01 | Queue | Villager (Male) |
| 0:04 | Build | House |
| 0:06 | Build | House |
| 0:28 | Queue | Villager (Male) |
| 0:28 | Queue | Villager (Male) |
| 1:27 | Queue | Villager (Male) |
| 1:48 | Build | Lumber Camp |
| 2:03 | Queue | Villager (Male) |
| 2:25 | Queue | Villager (Male) |
| 2:52 | Queue | Villager (Male) |
| 3:18 | Queue | Villager (Male) |
| 3:36 | Queue | Villager (Male) |
| 3:52 | Build | House |
| 3:54 | Build | House |
| 4:12 | Queue | Villager (Male) |
| 4:13 | Queue | Villager (Male) |
| 4:18 | Build | Mill |
| 4:31 | Queue | Villager (Male) |
| 4:35 | Queue | Villager (Male) |
| 5:25 | Queue | Villager (Male) |
| 5:41 | Queue | Villager (Male) |
| 5:41 | Queue | Villager (Male) |
| 5:57 | Build | Farm |
| 6:03 | Build | Farm |
| 6:04 | Queue | Villager (Male) |
| 6:13 | Build | Farm |
| 6:14 | Queue | Villager (Male) |
| 6:24 | Queue | Villager (Male) |
| 7:12 | Build | House |
| 7:19 | Queue | Villager (Male) |
| 7:19 | Queue | Villager (Male) |
| 7:43 | Build | Mining Camp |
| 7:47 | Queue | Villager (Male) |
| 8:50 | Research | Feudal Age |
| 8:56 | Build | Mining Camp |
| 9:16 | Queue | Villager (Male) |
| 9:17 | Queue | Villager (Male) |
| 10:07 | Build | Mill |
| 11:22 | Age | Feudal Age |
| 11:26 | Build | Market |
| 11:32 | Build | Blacksmith |
| 11:38 | Build | House |
| 12:26 | Research | Castle Age |
| 13:14 | Queue | Villager (Male) |
| 13:14 | Queue | Villager (Male) |
| 13:18 | Research | Double-Bit Axe |
| 13:23 | Research | Horse Collar |
| 13:27 | Queue | Villager (Male) |
| 14:48 | Queue | Villager (Male) |
| 15:06 | Age | Castle Age |
| 15:09 | Build | Castle |
| 15:16 | Build | Monastery |
| 15:20 | Queue | Villager (Male) |
| 15:43 | Build | Town Center |
| 15:46 | Queue | Villager (Male) |
| 16:02 | Queue | Monk |
| 16:14 | Queue | Villager (Male) |
| 16:30 | Research | Loom |
| 16:50 | Queue | Villager (Male) |
| 17:00 | Queue | Monk |
| 17:04 | Queue | Villager (Male) |
| 17:06 | Queue | Villager (Male) |
| 17:10 | Queue | Villager (Male) |
| 17:20 | Build | House |
| 17:22 | Build | House |
| 17:29 | Build | Farm |
| 17:30 | Build | Farm |
| 17:31 | Queue | Villager (Male) |
| 17:32 | Queue | Villager (Male) |
| 17:41 | Build | Town Center |
| 17:42 | Queue | Villager (Male) |
| 17:43 | Queue | Villager (Male) |
| 17:50 | Build | Farm |
| 17:52 | Queue | Villager (Male) |
| 18:00 | Build | Lumber Camp |
| 18:01 | Queue | Villager (Male) |
| 18:32 | Queue | Urumi Swordsman |
| 18:32 | Queue | Urumi Swordsman |
| 18:51 | Build | Farm |
| 18:55 | Build | Farm |
| 19:05 | Build | Farm |
| 19:05 | Queue | Villager (Male) |
| 19:12 | Build | Farm |
| 19:15 | Build | House |
| 19:17 | Build | House |
| 19:18 | Queue | Villager (Male) |
| 19:30 | Queue | Villager (Male) |
| 19:43 | Build | Farm |
| 19:44 | Build | Farm |
| 19:50 | Build | Farm |
| 19:53 | Build | Farm |
| 19:54 | Queue | Villager (Male) |
| 20:20 | Queue | Monk |
| 20:25 | Queue | Villager (Male) |
| 20:26 | Queue | Villager (Male) |
| 20:26 | Queue | Villager (Male) |
| 20:29 | Build | Farm |
| 20:34 | Build | Barracks |
| 20:36 | Queue | Urumi Swordsman |
| 20:45 | Build | Farm |
| 20:51 | Build | Farm |
| 20:55 | Queue | Villager (Male) |
| 20:55 | Queue | Villager (Male) |
| 20:56 | Queue | Villager (Male) |
| 21:01 | Build | Farm |
| 21:10 | Queue | Villager (Male) |
| 21:11 | Queue | Villager (Male) |
| 21:34 | Queue | Villager (Male) |
| 21:34 | Queue | Villager (Male) |
| 21:42 | Build | Archery Range |
| 21:44 | Queue | Villager (Male) |
| 21:45 | Queue | Villager (Male) |
| 21:53 | Build | Outpost |
| 21:55 | Queue | Villager (Male) |
| 22:10 | Build | Farm |
| 22:13 | Build | Farm |
| 22:14 | Build | Farm |
| 22:15 | Build | Farm |
| 22:17 | Build | Farm |
| 22:21 | Queue | Villager (Male) |
| 22:22 | Queue | Villager (Male) |
| 22:29 | Build | Farm |
| 22:38 | Research | Town Watch |
| 22:45 | Queue | Villager (Male) |
| 22:50 | Queue | Villager (Male) |
| 22:50 | Queue | Villager (Male) |
| 22:51 | Queue | Villager (Male) |
| 23:00 | Build | Farm |
| 23:07 | Build | Farm |
| 23:11 | Build | Farm |
| 23:12 | Queue | Villager (Male) |
| 23:13 | Queue | Villager (Male) |
| 23:17 | Build | Farm |
| 23:25 | Queue | Villager (Male) |
| 23:27 | Queue | Villager (Male) |
| 23:32 | Build | Farm |
| 23:38 | Build | Lumber Camp |
| 23:41 | Research | Bow Saw |
| 23:48 | Queue | Villager (Male) |
| 23:52 | Build | House |
| 23:56 | Build | House |
| 24:02 | Queue | Villager (Male) |
| 24:02 | Queue | Villager (Male) |
| 24:12 | Build | Farm |
| 24:26 | Build | Farm |
| 24:32 | Build | Farm |
| 24:37 | Build | Farm |
| 24:39 | Build | Farm |
Build order — HURMA
First 150 of 551 actions detected
| 0:02 | Build | House |
| 0:03 | Build | House |
| 0:07 | Queue | Villager (Male) ×4 |
| 0:07 | Queue | Villager (Male) ×4 |
| 1:33 | Queue | Villager (Male) |
| 1:33 | Queue | Villager (Male) |
| 1:53 | Queue | Villager (Male) |
| 1:54 | Queue | Villager (Male) |
| 1:57 | Build | Lumber Camp |
| 2:29 | Queue | Villager (Male) |
| 2:30 | Queue | Villager (Male) |
| 2:54 | Queue | Villager (Male) |
| 2:58 | Queue | Villager (Male) |
| 3:16 | Build | House |
| 3:46 | Queue | Villager (Male) |
| 3:46 | Queue | Villager (Male) |
| 4:24 | Queue | Villager (Male) |
| 4:25 | Queue | Villager (Male) |
| 4:49 | Queue | Villager (Male) |
| 4:49 | Queue | Villager (Male) |
| 4:49 | Queue | Villager (Male) |
| 4:53 | Build | Mill |
| 5:22 | Build | House |
| 5:28 | Queue | Villager (Male) |
| 5:28 | Queue | Villager (Male) |
| 5:29 | Queue | Villager (Male) |
| 5:29 | Queue | Villager (Male) |
| 6:24 | Queue | Villager (Male) |
| 6:26 | Queue | Villager (Male) |
| 6:46 | Build | Mill |
| 7:42 | Queue | Villager (Male) |
| 7:42 | Queue | Villager (Male) |
| 8:06 | Build | Mill |
| 8:11 | Research | Loom |
| 8:18 | Build | Mining Camp |
| 8:37 | Research | Feudal Age |
| 9:55 | Queue | Villager (Male) |
| 9:55 | Queue | Villager (Male) |
| 10:31 | Build | House |
| 10:32 | Build | House |
| 10:36 | Queue | Villager (Male) |
| 10:36 | Queue | Villager (Male) |
| 10:36 | Queue | Villager (Male) |
| 11:05 | Age | Feudal Age |
| 11:32 | Build | Market |
| 11:36 | Build | Blacksmith |
| 12:45 | Research | Castle Age |
| 12:45 | Research | Castle Age |
| 12:50 | Build | Barracks |
| 13:01 | Research | Scale Barding Armor |
| 13:31 | Build | Mill |
| 14:10 | Queue | Villager (Male) ×5 |
| 14:21 | Build | Stable |
| 14:47 | Research | Double-Bit Axe |
| 15:50 | Age | Castle Age |
| 15:55 | Build | Town Center |
| 16:38 | Build | Lumber Camp |
| 16:55 | Build | House |
| 16:56 | Build | House |
| 16:57 | Build | House |
| 17:03 | Research | Bow Saw |
| 17:29 | Queue | Villager (Male) ×5 |
| 17:31 | Queue | Villager (Male) |
| 17:32 | Queue | Villager (Male) |
| 17:32 | Queue | Villager (Male) |
| 17:32 | Queue | Villager (Male) |
| 17:33 | Queue | Villager (Male) |
| 17:34 | Queue | Villager (Male) |
| 17:44 | Build | Town Center |
| 18:10 | Build | House |
| 18:41 | Build | Town Center |
| 19:07 | Build | Farm |
| 19:07 | Build | Farm |
| 19:10 | Build | Farm |
| 19:10 | Build | Farm |
| 19:14 | Queue | Villager (Male) |
| 19:14 | Queue | Villager (Male) |
| 19:15 | Queue | Villager (Male) |
| 19:31 | Build | Farm |
| 19:34 | Build | Farm |
| 19:35 | Queue | Villager (Male) |
| 19:36 | Queue | Villager (Male) |
| 19:40 | Queue | Villager (Male) |
| 19:40 | Queue | Villager (Male) |
| 19:50 | Build | Farm |
| 19:52 | Queue | Villager (Male) |
| 19:59 | Build | Farm |
| 19:59 | Build | Farm |
| 20:01 | Build | Farm |
| 20:03 | Build | Farm |
| 20:03 | Build | Farm |
| 20:03 | Build | Farm |
| 20:03 | Build | Farm |
| 20:04 | Build | Farm |
| 20:04 | Build | Farm |
| 20:04 | Build | Farm |
| 20:20 | Queue | Villager (Male) |
| 20:20 | Queue | Villager (Male) |
| 20:31 | Queue | Villager (Male) |
| 20:31 | Queue | Villager (Male) |
| 20:34 | Build | Farm |
| 20:35 | Build | Farm |
| 20:35 | Build | Farm |
| 20:35 | Build | Farm |
| 20:35 | Build | Farm |
| 20:43 | Queue | Villager (Male) |
| 20:43 | Queue | Villager (Male) |
| 20:43 | Queue | Villager (Male) |
| 20:49 | Queue | Villager (Male) |
| 20:49 | Queue | Villager (Male) |
| 20:57 | Build | House |
| 20:58 | Build | House |
| 20:59 | Build | House |
| 21:00 | Build | House |
| 21:02 | Build | House |
| 21:03 | Build | House |
| 21:07 | Queue | Villager (Male) |
| 21:07 | Queue | Villager (Male) |
| 21:07 | Queue | Villager (Male) |
| 21:13 | Queue | Villager (Male) |
| 21:14 | Queue | Villager (Male) |
| 21:18 | Build | Farm |
| 21:18 | Build | Farm |
| 21:19 | Queue | Villager (Male) |
| 21:19 | Queue | Villager (Male) |
| 21:26 | Queue | Villager (Male) |
| 21:26 | Queue | Villager (Male) |
| 21:34 | Queue | Villager (Male) |
| 21:35 | Queue | Villager (Male) |
| 21:38 | Queue | Villager (Male) |
| 21:38 | Queue | Villager (Male) |
| 21:42 | Queue | Villager (Male) |
| 21:43 | Queue | Villager (Male) |
| 21:53 | Build | House |
| 21:54 | Build | House |
| 21:54 | Build | House |
| 21:55 | Build | House |
| 21:55 | Build | House |
| 21:56 | Build | House |
| 21:56 | Build | House |
| 21:58 | Queue | Villager (Male) |
| 21:58 | Queue | Villager (Male) |
| 21:59 | Queue | Villager (Male) |
| 21:59 | Queue | Villager (Male) |
| 22:04 | Build | Farm |
| 22:04 | Build | Farm |
| 22:04 | Build | Farm |
| 22:04 | Build | Farm |
| 22:05 | Build | Farm |
| 22:05 | Build | Farm |
Build order — Quando
First 150 of 696 actions detected
| 0:00 | Queue | Villager (Male) |
| 0:01 | Queue | Villager (Male) |
| 0:01 | Queue | Villager (Male) |
| 0:01 | Queue | Villager (Male) |
| 0:02 | Build | House |
| 0:04 | Build | House |
| 1:24 | Queue | Villager (Male) |
| 1:44 | Build | Lumber Camp |
| 1:52 | Queue | Villager (Male) |
| 2:27 | Queue | Villager (Male) |
| 2:54 | Queue | Villager (Male) |
| 2:54 | Queue | Villager (Male) |
| 3:36 | Queue | Villager (Male) |
| 3:49 | Build | House |
| 4:00 | Build | House |
| 4:06 | Queue | Villager (Male) |
| 4:20 | Queue | Villager (Male) |
| 4:38 | Queue | Villager (Male) |
| 4:50 | Build | Mill |
| 5:08 | Queue | Villager (Male) |
| 5:24 | Queue | Villager (Male) |
| 5:41 | Queue | Villager (Male) |
| 5:57 | Build | Mining Camp |
| 6:41 | Research | Loom |
| 7:10 | Research | Feudal Age |
| 8:28 | Queue | Villager (Male) |
| 8:52 | Build | House |
| 9:20 | Age | Feudal Age |
| 9:25 | Build | Watch Tower |
| 9:41 | Queue | Villager (Male) |
| 9:45 | Build | Blacksmith |
| 9:55 | Queue | Villager (Male) |
| 10:04 | Queue | Villager (Male) |
| 10:31 | Research | Fletching |
| 10:33 | Queue | Villager (Male) |
| 11:05 | Queue | Villager (Male) |
| 11:12 | Research | Double-Bit Axe |
| 11:33 | Queue | Villager (Male) |
| 11:53 | Build | Watch Tower |
| 12:04 | Queue | Villager (Male) |
| 12:20 | Queue | Villager (Male) |
| 12:23 | Build | House |
| 12:41 | Build | House |
| 12:44 | Queue | Villager (Male) |
| 12:46 | Build | Farm |
| 12:48 | Build | Farm |
| 13:08 | Queue | Villager (Male) |
| 13:23 | Build | Watch Tower |
| 13:26 | Queue | Villager (Male) |
| 13:35 | Build | Farm |
| 13:52 | Queue | Villager (Male) |
| 13:54 | Build | Farm |
| 13:57 | Build | Farm |
| 14:00 | Queue | Villager (Male) |
| 14:36 | Queue | Villager (Male) |
| 14:38 | Build | Farm |
| 14:40 | Build | Farm |
| 14:47 | Queue | Villager (Male) |
| 14:58 | Queue | Villager (Male) |
| 14:59 | Build | Farm |
| 15:04 | Build | Mining Camp |
| 15:28 | Build | Farm |
| 15:29 | Queue | Villager (Male) |
| 16:28 | Queue | Villager (Male) |
| 16:32 | Build | Farm |
| 16:32 | Build | Farm |
| 16:32 | Build | Farm |
| 16:32 | Build | Farm |
| 16:33 | Build | Farm |
| 17:02 | Queue | Villager (Male) |
| 17:44 | Queue | Villager (Male) |
| 17:48 | Build | Market |
| 18:15 | Queue | Villager (Male) |
| 18:24 | Research | Town Watch |
| 18:53 | Research | Castle Age |
| 19:20 | Research | Horse Collar |
| 19:24 | Build | Farm |
| 19:27 | Build | Farm |
| 20:55 | Build | House |
| 20:56 | Queue | Villager (Male) |
| 21:02 | Build | House |
| 21:03 | Build | House |
| 21:04 | Build | House |
| 21:33 | Age | Castle Age |
| 21:35 | Build | Castle |
| 21:37 | Build | Monastery |
| 21:40 | Build | Siege Workshop |
| 21:42 | Research | Bow Saw |
| 21:44 | Queue | Villager (Male) |
| 21:59 | Queue | Villager (Male) |
| 22:04 | Research | Heavy Plow |
| 22:26 | Queue | Villager (Male) |
| 22:26 | Queue | Villager (Male) |
| 22:41 | Build | University |
| 23:06 | Queue | Villager (Male) |
| 23:08 | Build | Farm |
| 23:54 | Queue | Iron Pagoda |
| 24:12 | Build | House |
| 24:13 | Queue | Villager (Male) |
| 24:13 | Queue | Villager (Male) |
| 24:25 | Research | Bodkin Arrow |
| 24:45 | Queue | Villager (Male) |
| 24:45 | Queue | Villager (Male) |
| 25:03 | Queue | Villager (Male) |
| 25:03 | Queue | Villager (Male) |
| 25:07 | Queue | Battering Ram |
| 25:10 | Queue | Villager (Male) |
| 25:25 | Queue | Monk |
| 25:35 | Queue | Petard |
| 25:35 | Queue | Petard |
| 25:37 | Queue | Villager (Male) |
| 25:37 | Queue | Villager (Male) |
| 25:40 | Research | Wheelbarrow |
| 25:48 | Queue | Villager (Male) |
| 25:52 | Build | Town Center |
| 26:14 | Build | Mining Camp |
| 26:58 | Queue | Villager (Male) |
| 26:58 | Queue | Villager (Male) |
| 27:46 | Build | Watch Tower |
| 27:54 | Queue | Petard |
| 28:10 | Build | Watch Tower |
| 28:24 | Research | Imperial Age |
| 28:24 | Research | Imperial Age |
| 28:43 | Queue | Villager (Male) |
| 28:46 | Build | Mining Camp |
| 29:12 | Research | Gold Mining |
| 29:23 | Queue | War Wagon |
| 29:31 | Build | Outpost |
| 29:46 | Build | Outpost |
| 29:52 | Queue | Villager (Male) |
| 29:55 | Queue | Monk |
| 29:55 | Queue | Monk |
| 29:59 | Build | Palisade Wall |
| 30:01 | Build | Palisade Wall |
| 30:11 | Build | Watch Tower |
| 30:18 | Research | Ballistics |
| 30:46 | Research | Eupseong |
| 31:10 | Build | Watch Tower |
| 31:13 | Research | Hand Cart |
| 31:34 | Age | Imperial Age |
| 31:35 | Queue | Trebuchet (Packed) |
| 31:40 | Queue | Monk |
| 32:10 | Build | Stone Wall |
| 32:17 | Build | Gate |
| 32:18 | Build | Stone Wall |
| 32:18 | Build | Stone Wall |
| 32:19 | Build | Stone Wall |
| 32:20 | Queue | Trebuchet (Packed) |
| 32:21 | Queue | Villager (Male) |
| 32:21 | Queue | Villager (Male) |
Match timeline
| 9:20 | Quando · age_up feudal |
| 9:26 | Fr4ggi · first_building Barracks |
| 10:06 | 鼠條 · age_up feudal |
| 10:20 | 鼠條 · wall_segment Stone Wall x4 |
| 10:43 | asdF · age_up feudal |
| 10:54 | Fr4ggi · age_up feudal |
| 11:05 | HURMA · age_up feudal |
| 11:13 | Fr4ggi · first_building Stable |
| 11:22 | Relief · age_up feudal |
| 12:50 | HURMA · first_building Barracks |
| 14:06 | 鼠條 · age_up castle |
| 14:07 | 鼠條 · first_building Siege Workshop |
| 14:14 | HURMA · first_market_buy 100 wood |
| 14:21 | HURMA · first_building Stable |
| 14:24 | asdF · age_up castle |
| 15:06 | Relief · age_up castle |
| 15:09 | Relief · first_building Castle |
| 15:16 | Relief · first_building Monastery |
| 15:50 | HURMA · age_up castle |
| 16:11 | Fr4ggi · age_up castle |
| 17:47 | 鼠條 · first_market_buy 100 wood |
| 18:29 | HURMA · first_market_sell 100 wood |
| 20:34 | Relief · first_building Barracks |
| 21:33 | Quando · age_up castle |
| 21:35 | Quando · first_building Castle |
| 21:37 | Quando · first_building Monastery |
| 21:40 | Quando · first_building Siege Workshop |
| 21:42 | Relief · first_building Archery Range |
| 24:49 | 鼠條 · first_building Castle |
| 25:18 | asdF · first_building Barracks |
| 25:44 | Quando · first_market_buy 100 wood |
| 26:54 | HURMA · first_building Siege Workshop |
| 27:06 | Quando · first_market_sell 100 stone |
| 28:04 | asdF · first_building Archery Range |
| 28:07 | asdF · first_building Stable |
| 28:50 | asdF · first_building Castle |
| 29:59 | Quando · wall_segment Palisade Wall x1 |
| 30:01 | Quando · wall_segment Palisade Wall x1 |
| 30:09 | Relief · age_up imperial |
| 30:14 | 鼠條 · wall_segment Stone Wall x13 |
| 31:29 | Fr4ggi · first_building Castle |
| 31:34 | Quando · age_up imperial |
| 31:37 | HURMA · age_up imperial |
| 32:10 | Quando · wall_segment Stone Wall x9 |
| 32:18 | Quando · wall_segment Stone Wall x1 |
| 32:18 | Quando · wall_segment Stone Wall x1 |
| 32:19 | Quando · wall_segment Stone Wall x1 |
| 32:46 | 鼠條 · wall_segment Stone Wall x23 |
| 32:47 | Quando · wall_segment Stone Wall x1 |
| 32:49 | Quando · wall_segment Stone Wall x1 |
| 32:50 | Quando · wall_segment Stone Wall x1 |
| 33:36 | Quando · wall_segment Stone Wall x1 |
| 33:39 | Quando · wall_segment Stone Wall x1 |
| 33:55 | asdF · age_up imperial |
| 34:35 | 鼠條 · wall_segment Stone Wall x1 |
| 34:44 | asdF · first_market_sell 100 food |
| 36:00 | asdF · wall_segment Stone Wall x17 |
| 36:08 | asdF · wall_segment Stone Wall x8 |
| 36:09 | Fr4ggi · age_up imperial |
| 39:03 | asdF · first_building Monastery |
| 39:08 | asdF · wall_segment Stone Wall x12 |
| 40:23 | Quando · wall_segment Stone Wall x1 |
| 40:26 | 鼠條 · age_up imperial |
| 40:40 | 鼠條 · wall_segment Stone Wall x1 |
| 41:03 | 鼠條 · first_building Monastery |
| 44:32 | Quando · first_building Barracks |
| 45:21 | Quando · wall_segment Stone Wall x6 |
| 46:14 | 鼠條 · wall_segment Stone Wall x8 |
| 47:13 | Quando · wall_segment Stone Wall x1 |
| 47:14 | Fr4ggi · tribute_sent a jugador 1 |
| 47:14 | Fr4ggi · tribute_sent a jugador 3 |
| 47:14 | Fr4ggi · tribute_sent a jugador 4 |
| 47:14 | Fr4ggi · tribute_sent a jugador 5 |
| 47:14 | Fr4ggi · tribute_sent a jugador 6 |
| 47:52 | Quando · first_building Archery Range |
| 51:13 | Fr4ggi · tribute_sent a jugador 1 |
| 51:13 | Fr4ggi · tribute_sent a jugador 3 |
| 51:13 | Fr4ggi · tribute_sent a jugador 4 |
| 51:13 | Fr4ggi · tribute_sent a jugador 5 |
| 51:13 | Fr4ggi · tribute_sent a jugador 6 |
| 51:18 | Quando · wall_segment Stone Wall x1 |
| 51:20 | Quando · wall_segment Stone Wall x1 |
| 52:43 | Relief · wall_segment Stone Wall x1 |
| 52:46 | Fr4ggi · first_market_sell 500 wood |
| 53:07 | asdF · first_market_buy 100 stone |
| 54:36 | 鼠條 · tribute_sent a jugador 1 |
| 54:36 | 鼠條 · tribute_sent a jugador 2 |
| 54:36 | 鼠條 · tribute_sent a jugador 4 |
| 54:36 | 鼠條 · tribute_sent a jugador 5 |
| 54:36 | 鼠條 · tribute_sent a jugador 6 |
| 55:01 | Fr4ggi · tribute_sent a jugador 1 |
| 55:01 | Fr4ggi · tribute_sent a jugador 3 |
| 55:01 | Fr4ggi · tribute_sent a jugador 4 |
| 55:01 | Fr4ggi · tribute_sent a jugador 5 |
| 55:01 | Fr4ggi · tribute_sent a jugador 6 |
| 56:14 | HURMA · first_building Castle |
| 56:47 | asdF · first_building Siege Workshop |
| 57:50 | Relief · first_market_sell 500 food |
| 59:07 | 鼠條 · tribute_sent a jugador 1 |
| 59:07 | 鼠條 · tribute_sent a jugador 2 |
| 59:07 | 鼠條 · tribute_sent a jugador 4 |
| 59:07 | 鼠條 · tribute_sent a jugador 5 |
| 59:07 | 鼠條 · tribute_sent a jugador 6 |
| 59:52 | Fr4ggi · tribute_sent a jugador 1 |
| 59:52 | Fr4ggi · tribute_sent a jugador 3 |
| 59:52 | Fr4ggi · tribute_sent a jugador 4 |
| 59:52 | Fr4ggi · tribute_sent a jugador 5 |
| 59:53 | Fr4ggi · tribute_sent a jugador 6 |
| 62:10 | Quando · first_building Stable |
| 62:56 | asdF · wall_segment Stone Wall x4 |
| 68:04 | HURMA · tribute_sent a jugador 1 |
| 68:04 | HURMA · tribute_sent a jugador 2 |
| 68:04 | HURMA · tribute_sent a jugador 3 |
| 68:04 | HURMA · tribute_sent a jugador 4 |
| 68:04 | HURMA · tribute_sent a jugador 6 |
| 70:25 | HURMA · tribute_sent a jugador 1 |
| 70:25 | HURMA · tribute_sent a jugador 2 |
| 70:25 | HURMA · tribute_sent a jugador 3 |
| 70:25 | HURMA · tribute_sent a jugador 4 |
| 70:25 | HURMA · tribute_sent a jugador 6 |
| 73:12 | Quando · resign |
[ AI ANALYSIS · 1 CREDIT ]
What really happened in this match?
Wolo.gg analyzes every decision: build order, eco, micro, common mistakes by bracket. Personalized analysis on WhatsApp or Discord in 30 seconds.
Civ guide
Persians
Perfil
Jugador #6051949